Map: Oceanborn LE

Players

demzi - Winner!

  • Race: Zerg Zerg
  • League: Platinum
  • Spawn Location: 5:00

Muybien

  • Race: Zerg Zerg
  • League: Platinum
  • Spawn Location: 11:00

VOD

Have the link to the VOD?

Description

Time

  • Played on: March 24, 2024, 9:46 a.m.
  • Length: 6:57
Show
View Real Time Build Order
Export as new Build Order

demzi Zerg - Winner!

Build Orders: Hatch First 

Get SALT Encoding   

  12  0:00  Drone  
  13  0:12  Overlord  
  13  0:17  Drone  
  14  0:31  Drone x2  
  16  0:50  Hatchery  
  16  0:52  Drone  
  16  0:55  Drone  
  17  0:59  Drone  
  18  1:10  Extractor  
  17  1:16  Spawning Pool  
  16  1:19  Drone  
  16  1:22  Drone  
  18  1:28  Drone  
  19  1:39  Drone  
  20  1:50  Overlord  
  20  2:03  Queen x2  
  20  2:05  Zergling x4  
  26  2:19  Drone x2  
  26  2:22  Drone  
  29  2:32  Drone  
  29  2:33  Drone  
  31  2:41  Queen  
  31  2:42  Drone  
  31  2:43  Overlord  
  34  2:58  Roach Warren  
  33  3:02  Evolution Chamber  
  32  3:07  Drone, Evolution Chamber  
  32  3:08  Drone x4  
  35  3:20  Drone  
  35  3:21  Drone x4  
  35  3:25  Overlord  
  40  3:34  Spine Crawler  
  40  3:40  Lair  
  39  3:42  Zerg Missile Weapons Level 1  
  39  3:47  Zerg Ground Armor Level 1  
  39  3:50  Overlord  
  39  3:53  Drone  
  39  3:54  Drone  
  41  3:56  Drone  
  41  4:01  Extractor  
  41  4:04  Drone x3, Extractor  
  41  4:05  Drone  
  44  4:19  Drone x3  
  44  4:20  Drone x2  
  49  4:26  Overlord x3  
  49  4:44  Overlord x2  
  51  4:45  Roach  
  51  4:46  Roach x2  
  51  4:51  Roach  
  51  4:52  Roach x2  
  61  4:53  Glial Reconstitution  
  61  4:57  Roach x2  
  61  4:58  Roach  
  67  5:00  Roach  
  69  5:08  Extractor, Drone x2  
  69  5:10  Drone  
  69  5:13  Overlord  
  71  5:21  Roach  
  73  5:23  Roach x2  
  73  5:24  Roach x3  
  73  5:27  Roach  
  85  5:35  Overlord x2  
  85  5:52  Roach x7  
  85  5:53  Roach  
  85  5:55  Ravager  
  102  5:57  Ravager  
  103  6:07  Drone x2  
  103  6:08  Hydralisk Den  
  104  6:42  Hatchery  
Show
View Real Time Build Order
Export as new Build Order

Muybien Zerg 

Build Orders: Hatch First 

Get SALT Encoding   

  12  0:00  Drone  
  13  0:13  Overlord  
  13  0:20  Drone  
  14  0:31  Drone x2  
  16  0:50  Hatchery  
  16  0:52  Drone  
  16  0:55  Drone  
  17  0:59  Drone  
  18  1:13  Spawning Pool  
  17  1:19  Extractor  
  17  1:20  Drone  
  17  1:23  Drone  
  18  1:31  Drone  
  19  1:39  Overlord  
  19  1:51  Drone  
  20  2:01  Queen  
  20  2:02  Queen  
  20  2:03  Drone  
  20  2:04  Drone  
  20  2:06  Extractor  
  25  2:20  Metabolic Boost  
  25  2:23  Zergling x6  
  25  2:27  Drone  
  29  2:35  Overlord  
  29  2:37  Queen  
  29  2:42  Drone  
  32  2:45  Drone  
  32  2:47  Drone  
  34  3:06  Drone x3, Baneling Nest  
  35  3:28  Drone x4  
  35  3:30  Hatchery  
  35  3:31  Drone  
  35  3:32  Drone  
  40  3:36  Drone  
  41  3:42  Lair  
  41  3:46  Drone  
  42  4:11  Drone x2  
  42  4:14  Extractor, Overlord  
  42  4:15  Extractor  
  42  4:16  Overlord  
  42  4:27  Drone  
  42  4:28  Drone  
  42  4:30  Overlord  
  44  4:43  Drone  
  44  4:44  Drone x5  
  44  4:45  Drone x2  
  52  4:51  Drone  
  53  4:59  Drone x5  
  57  5:17  Hydralisk Den  
  57  5:20  Spire  
  55  5:22  Infestation Pit  
  55  5:25  Extractor x2  
  55  5:26  Drone x2  
  55  5:27  Drone  
  55  5:28  Drone x2  
  57  5:30  Drone  
  57  5:31  Drone  
  57  5:33  Drone x2  
  57  5:34  Drone x2  
  57  5:35  Drone  
  64  5:36  Drone x3  
  64  5:37  Overlord x2  
  67  5:42  Centrifugal Hooks  
  67  5:43  Zergling x4  
  69  5:53  Hydralisk x2  
  69  5:55  Overlord  
  73  5:59  Hydralisk x3  
  73  6:00  Hydralisk x4  
  73  6:03  Baneling  
  73  6:04  Baneling x2  
  87  6:14  Hydralisk x4  
  87  6:15  Hydralisk  
  96  6:27  Overlord x4  
Tags
 
Add a new tag
Caveats
  • Supply blocks, unpowered buildings, or Contaminate may cause inaccurate times.
  • Supply counts are checked every 10 seconds.